 Dungeon Crawl Stone Soup version 0.29-a0-304-gb34f9e1 (webtiles) character file.

Game seed: 6081112390187797800

85 Think the Cutter (level 4, -2/31 HPs)
             Began as an Octopode Fighter on Mar 26, 2022.
             Succumbed to a scorpion's poison
             ... on level 3 of the Dungeon.
             The game lasted 00:05:49 (2352 turns).

Think the Cutter (Octopode Fighter)                 Turns: 2352, Time: 00:05:50

Health: -2/31      AC:  1    Str: 15    XL:     4   Next: 48%
Magic:  4/4        EV: 13    Int: 10    God:
Gold:   32         SH:  4    Dex: 13    Spells: 3/3 levels left

rFire   . . .      SeeInvis .   a - +0 rapier
rCold   . . .      Faith    .   b - +0 buckler
rNeg    . . .      Spirit   .   (helmet restricted)
rPois   .          Reflect  .   (no amulet)
rElec   .          Harm     .   (no ring)
rCorr   .          Rampage  .   (no ring)
Will    .....                   (no ring)
Stlth   ++........              (no ring)
HPRegen 0.10/turn               (no ring)
MPRegen 0.09/turn               (no ring)
                                (no ring)
                                (no ring)

@: mighty, lethally poisoned (-2 -> -18), attractive
A: almost no armour, amphibious, 8 rings, camouflage 1, gelatinous body 1,
(nimble swimmer 1), tentacles
a: no special abilities


You were on level 3 of the Dungeon.
You visited 1 branch of the dungeon, and saw 3 of its levels.

You collected 32 gold pieces.

Inventory:

Hand Weapons
 a - a +0 rapier (weapon)
Armour
 b - a +0 buckler (worn)
Scrolls
 d - a scroll of teleportation
 e - a scroll of silence {unknown}
 g - a scroll of blinking {unknown}
 i - a scroll of amnesia {unknown}
 m - a scroll of identify {unknown}
 o - a scroll of fog {unknown}
Potions
 j - a potion of flight {unknown}
 k - a potion of curing {unknown}
 l - a potion of lignification {unknown}
 n - a potion of mutation {unknown}


   Skills:
 - Level 3.0 Fighting
 + Level 4.6 Short Blades
 - Level 3.0 Dodging
 - Level 3.0 Shields


You had 3 spell levels left.
You didn't know any spells.
Your spell library contained the following spells:

 Spells                   Type           Power      Damage    Failure   Level
 Animate Skeleton         Necr           0%         N/A       45%         1
 Apportation              Tloc           0%         N/A       45%         1
 Summon Small Mammal      Summ           0%         N/A       45%         1


Dungeon Overview and Level Annotations

Branches:
Dungeon (3/15)

Altars:

Shops:
D:2 (

Annotations:
D:2 Terence


Innate Abilities, Weirdness & Mutations

You cannot wear most types of armour.
You are amphibious.
You can wear up to eight rings at the same time.
Your skin changes colour to match your surroundings (Stealth+).
Your rubbery body absorbs attacks. (AC +1, EV +1)
((You are camouflaged when in or above water. (Stealth+)))
You have tentacles for arms and can constrict up to eight enemies at once.


Message History

The scorpion attacks as you move away! The scorpion stings you. x2
The scorpion attacks as you move away! The scorpion barely misses you.
The scorpion stings you! The scorpion attacks as you move away!
The scorpion stings you. The scorpion stings you!
The scorpion barely misses you. The scorpion attacks as you move away!
The scorpion stings you.
* * * LOW HITPOINT WARNING * * *
You feel very mighty all of a sudden. The scorpion stings you.
* * * LOW HITPOINT WARNING * * *
You barely miss the scorpion. Your grab misses the scorpion.
The scorpion stings you.
* * * LOW HITPOINT WARNING * * *
You are lethally poisoned!
The scorpion poisons you!
It was a potion of attraction.
You feel attractive to monsters.
* * * LOW HITPOINT WARNING * * *
You feel sick. You block the scorpion's attack.
It was a potion of heal wounds.
You feel much better.
You feel sick. The scorpion closely misses you. The scorpion stings you.
You are more poisoned.
The scorpion poisons you!
Sorry, you're not good enough to have a special ability.
Okay, then.
As you read the scroll labelled MUIXE ENLELI, it crumbles to dust.
You feel strangely unstable.
It was a scroll of teleportation.
You feel very sick. The scorpion stings you.
You are more poisoned.
The scorpion poisons you!
* * * LOW HITPOINT WARNING * * *
You feel very sick.
Your surroundings suddenly seem different.
A goblin comes into view. It is wielding a +0 dagger.
* * * LOW HITPOINT WARNING * * *
You feel very sick. The goblin is attracted toward you.
The bat is attracted toward you.
You die...

## #....#...........
#..........§..#
#............###
###....###.........
###............b..###
#........####.....#
#...#....####.....#
##...#.............#
...###...#####..@..#
#### #...# #...g.#
#...# #....$# #...#
#....§# ##### #.....#
#######


You could see a goblin (asleep) and a bat.

Vanquished Creatures
  A hound (D:3)
  An adder (D:2)
  2 dart slugs (D:1)
  A worm (D:2)
  4 bats (D:2)
  7 endoplasms
  A giant cockroach (D:1)
  6 hobgoblins
  2 quokkas (D:1)
  2 frilled lizards
  4 goblins
  4 kobolds
  3 rats
38 creatures vanquished.

Notes
Turn   | Place    | Note
-------+----------+-------------------------------------------
     0 | D:1      | Think the Octopode Fighter began the quest for the Orb.
     0 | D:1      | Reached XP level 1. HP: 16/16 MP: 1/1
   151 | D:1      | Reached XP level 2. HP: 21/21 MP: 2/2
   325 | D:1      | Reached skill level 3 in Short Blades
   645 | D:1      | Reached XP level 3. HP: 26/26 MP: 3/3
   838 | D:2      | Noticed Terence
   943 | D:2      | Found Eklorual's Weapon Shoppe.
  1234 | D:2      | Reached skill level 4 in Short Blades
  2050 | D:3      | Reached XP level 4. HP: 31/31 MP: 4/4
  2329 | D:3      | Noticed a scorpion
  2351 | D:3      | HP: 1/31 [poisoned by a scorpion]
  2352 | D:3      | Succumbed to a scorpion's poison

Illustrated notes

Levels and vault maps discovered:
D:1:      nagdon_arrival_zigzag_paths, layout_basic,
          corexii_item_surrounded_by_moat
D:2:      layout_rooms, serial_shops, nicolae_shop_bloodbath_and_beyond,
          chequers_serial_rivers_large_a, hangedman_decor_slide_cut,
          chequers_serial_rivers_room_a, grunt_ministairs_2, st_stairs_5,
          uniq_terence
D:3:      layout_rooms, shapermc_ecumenical_altar_notcrosses

Skill      XL: |  1  2  3 |
---------------+----------+-----
Short Blades   | 3 4 |  4.6
Fighting       | |  3.0
Dodging        | |  3.0
Shields        | |  3.0

Action                   |  1- 3 |  4- 6 || total
-------------------------+-------+-------++-------
Melee: Rapier            |    72 |     7 ||    79
       Constrict         |    19 |     1 ||    20
       Tentacles         |    10 |     1 ||    11
       Punch             |       |     1 ||     1
  Use: Potion            |       |     3 ||     3
       Scroll            |       |     1 ||     1
 Stab: Sleeping          |     6 |       ||     6
Armor: Skin              |     9 |       ||     9
Dodge: Dodged            |    39 |     4 ||    43
Block: Buckler           |    10 |     4 ||    14

Table legend: (Time is in decaauts)
 A = Elapsed time spent in this place.
 B = Non-inter-level travel time spent in this place.
 C = Inter-level travel time spent in this place.
 D = Time resting spent in this place.
 E = Time spent auto-exploring this place.
 F = Levels seen in this place.
 G = Mean time per level.
                   A        B        C        D        E       F      G
               +--------+--------+--------+--------+--------+-----+--------+
         Total |   2357 |   2285 |     72 |    677 |   1168 |   3 |  785.7 |
       Dungeon |   2357 |   2285 |     72 |    677 |   1168 |   3 |  785.7 |
               +--------+--------+--------+--------+--------+-----+--------+

Top non-repeatable levels by time:
     D:2: 1124 daAuts
     D:1: 929 daAuts
     D:3: 303 daAuts
